 Dungeon Crawl Stone Soup version 0.18-a0-1179-g120c792 (webtiles) character file.

59 Reinor the Scratcher (level 3, -3/15 HPs)
             Began as a Felid Transmuter on Jan 27, 2016.
             Slain by a gnoll
             ... wielding a +0 spear
              (9 damage)
             ... on level 2 of the Dungeon.
             The game lasted 00:03:52 (1697 turns).

Reinor the Scratcher (Felid Transmuter)             Turns: 1697, Time: 00:03:53

Health: -3/15      AC:  1    Str:  6    XL:     3   Next: 78%
Magic:  6/7        EV: 18    Int: 15    God:
Gold:   83         SH:  0    Dex: 16    Spells: 3 memorised, 0 levels left
                                        Lives:  0   Deaths: 0

rFire  . . .     SeeInvis +       - Unarmed
rCold  . . .     Gourm    .     (armour unavailable)
rNeg   . . .     Faith    .     (shield unavailable)
rPois  +         Spirit   .     (helmet unavailable)
rElec  .         Dismiss  .     (cloak unavailable)
rCorr  .         Reflect  .     (gloves unavailable)
SustAt .         Harm     .     (boots unavailable)
MR     +....                    (no amulet)
Stlth  ++........               h - ring of protection from magic
                                g - ring of poison resistance

@: appendage, quick, somewhat resistant to hostile enchantments, unstealthy
A: no armour, no weapons or thrown items, claws 1, fangs 3, horns 2, see
invisible, carnivore 3, speed 1, shaggy fur 1, slow metabolism 1, sharp paws
a: End Transformation


You were on level 2 of the Dungeon.
You were completely stuffed.
You had grown temporary horns.
You visited 1 branch of the dungeon, and saw 2 of its levels.

You collected 83 gold pieces.

Inventory:

Missiles
 a - 29 arrows
Jewellery
 g - a ring of poison resistance (left paw)
 h - a ring of protection from magic (right paw)
 s - an uncursed ring of protection from magic
Scrolls
 e - 2 scrolls of remove curse
 i - a scroll of enchant armour {unknown}
 k - a scroll of recharging {unknown}
 q - a scroll of noise {unknown}
 r - a scroll of fear {unknown}
Potions
 d - 2 potions of heal wounds {unknown}
 j - a potion of flight {unknown}
 m - a potion of ambrosia {unknown}
 n - a potion of mutation {unknown}
 o - 2 potions of brilliance {unknown}
 p - a potion of resistance {unknown}
Books
 b - a book of Changes

   Spells                             Type                      Level
   a - Beastly Appendage              Transmutation                1
   b - Sticks to Snakes               Transmutation                2
   c - Spider Form                    Transmutation/Poison         3
   d - Ice Form                       Ice/Transmutation            4
   e - Blade Hands                    Transmutation                5
Comestibles
 c - a meat ration
 f - a beef jerky
 l - 3 chunks of flesh


   Skills:
 - Level 1.0 Fighting
 - Level 2.6 Dodging
 + Level 4.8 Unarmed Combat
 - Level 2.0 Spellcasting
 - Level 2.1 Transmutations


You couldn't memorise any spells.
You knew the following spells:

 Your Spells              Type           Power        Failure   Level  Hunger
a - Beastly Appendage     Trmt           #.....       12%         1    #......
b - Sticks to Snakes      Trmt           #.......     14%         2    ###....
c - Spider Form           Trmt/Pois      #.........   43%         3    ###....


Dungeon Overview and Level Annotations

Branches:
Dungeon (2/15)

Altars:


Innate Abilities, Weirdness & Mutations

You cannot wear armour.
You are incapable of wielding weapons or throwing items.
You have sharp claws.
You have razor-sharp teeth.
You have supernaturally acute eyesight.
You are carnivorous and can eat meat at any time.
You cover ground quickly.
You are covered in fur (AC +1).
You have a slow metabolism.
Your sharp claws are effective at attacking unaware monsters.
You have a pair of horns on your head.


Message History

You grow a pair of large bovine horns.
The gnoll shouts!
You hear a shout!
The gnoll hits you with a spear.
A gnoll comes into view. It is wielding a flail.
You scratch the gnoll but do no damage. The gnoll barely misses you.
You scratch the gnoll.
The gnoll is heavily wounded.
The gnoll misses you.
A bat comes into view.
You barely miss the gnoll.
The gnoll is heavily wounded.
The gnoll closely misses you.
You barely miss the gnoll.
The gnoll is heavily wounded.
The gnoll hits you with a spear!
You scratch the gnoll. You bite the gnoll.
The gnoll is almost dead.
The gnoll hits you with a spear!
Ouch! That really hurt!
You die...

..# #... #.#
#.#.###.######
#.#..........#
#(##..#.####.#
#..........#
.b###.#.##.#
#g# #.#.# #
#g# #.#.##.#
#@# #......#
#.####..####
#......>#
##...#..#
#...#..#
#...#..#
#...#..#
#####..# #..#


You could see 2 gnolls and a bat.

Vanquished Creatures
  An adder (D:2)
  An ooze (D:2)
  4 giant geckos
  11 bats
  A giant cockroach (D:2)
  4 goblins
  7 hobgoblins
  2 jackals (D:1)
  A quokka (D:2)
  3 giant newts
  2 kobolds (D:1)
  4 rats
41 creatures vanquished.

Notes
Turn   | Place    | Note
--------------------------------------------------------------
     0 | D:1      | Reinor the Felid Transmuter began the quest for the Orb.
     0 | D:1      | Reached XP level 1. HP: 9/9 MP: 4/4
   374 | D:1      | Reached XP level 2. HP: 12/12 MP: 6/6
   378 | D:1      | Learned a level 2 spell: Sticks to Snakes
   576 | D:1      | Reached skill level 4 in Unarmed Combat
   904 | D:1      | Reached XP level 3. HP: 15/15 MP: 5/7
   909 | D:1      | Learned a level 3 spell: Spider Form
  1697 | D:2      | Slain by a gnoll

Vault maps used:
D:1:      saegor_arrival_simple_e
D:2:      nicolae_tso_swordbearing_angel

Action                   || total
-------------------------++-------
Melee: Unarmed           ||   103
 Cast: Beastly Appendage ||     3
  Use: Scroll            ||     1
 Stab: Sleeping          ||     6
  Eat: Chunk             ||     9
